SKY
DETROIT TIGERS @ TORONTO BLUE JAYS
10/09/2052
 
TOP OF THE 1ST
Detroit Tigers batting - Pitching for Toronto Blue Jays : RHP Alfonzo Jiménez
Pitching: RHP Alfonzo Jiménez
Batting: LHB Sebastian Ontiveros 0-0: Ball
1-0: Swinging Strike
1-1: Ball
2-1: Foul Ball, location: 2RF
2-2: Foul Ball, location: 2F
2-2: Ball
3-2: Foul Ball, location: 2F
3-2: Base on Balls
Batting: LHB Jim Harvill 0-0: Ball
1-0: Called Strike
1-1: Foul Ball, location: 23F
1-2: Ball
2-2: Foul Ball, location: 2F
2-2: Fielders Choice at 2nd, 5-4 (Groundball, 56, EV 91.9 MPH)
Batting: SHB Carlos Vargas 0-0: Ball
1-0: Ball
2-0: Called Strike
2-1: Foul Ball, location: 2F
2-2: Foul Ball, location: 3F
2-2: Fly out, F4 (Popup, 13S, EV 91.9 MPH)
Batting: LHB Verrell Vander Mark 0-0: Ball
1-0: Ball
2-0: Swinging Strike
2-1: Fielders Choice at 2nd, 5-4 (Groundball, 56, EV 91.3 MPH)
Top of the 1st over - 0 runs, 0 hits, 0 errors, 1 left on base; Detroit 0 - Toronto 0
BOTTOM OF THE 1ST
Toronto Blue Jays batting - Pitching for Detroit Tigers : RHP Tommy Nickerson
Pitching: RHP Tommy Nickerson
Batting: RHB Atlas Alvarado 0-0: Ground out 5-3 (Groundball, 56S, EV 74.4 MPH)
Batting: LHB Connor Thomas 0-0: Ball
1-0: SINGLE (Line Drive, 56D, EV 93.8 MPH)
Batting: LHB Jackson Kilsdonk 0-0: Ball
Connor Thomas steals 2nd base
1-0: Ball
2-0: Foul Ball, location: 2F
2-1: Ball
3-1: Base on Balls
Batting: RHB Jayden Bice 0-0: Ball
1-0: Fly out, F7 (Flyball, 78M, EV 86.3 MPH)
Batting: LHB Gael Villarreal 0-0: Called Strike
0-1: Ball
1-1: Foul Ball, location: 25FF
1-2: Ball
2-2: Strikes out swinging
Bottom of the 1st over - 0 runs, 1 hit, 0 errors, 2 left on base; Detroit 0 - Toronto 0
TOP OF THE 2ND
Detroit Tigers batting - Pitching for Toronto Blue Jays : RHP Alfonzo Jiménez
Batting: RHB Kyle Garette 0-0: Called Strike
0-1: Ball
1-1: Ball
2-1: Ball
3-1: Base on Balls
Batting: RHB Dragon Dainty 0-0: Ball
1-0: Ball
2-0: Ball
3-0: Base on Balls
Kyle Garette to second
Batting: RHB Diego Ruiz 0-0: Ball
1-0: Ball
2-0: Sac Bunt to 15S - play at first, batter OUT! 1-4
Kyle Garette to third
Dragon Dainty to second
Batting: LHB Will Dishman 0-0: Ground out U3 (Groundball, 3L, EV 81.3 MPH)
Batting: RHB Zaiden Parker 0-0: Fly out, F8 (Flyball, 89D, EV 80.0 MPH)
Top of the 2nd over - 0 runs, 0 hits, 0 errors, 2 left on base; Detroit 0 - Toronto 0
BOTTOM OF THE 2ND
Toronto Blue Jays batting - Pitching for Detroit Tigers : RHP Tommy Nickerson
Batting: RHB Mike Asawawong 0-0: Called Strike
0-1: Ball
1-1: Ball
2-1: SINGLE (Groundball, 6MD, EV 95.6 MPH)
Batting: RHB Ernie Brox 0-0: Sac Bunt to 5S - play at first, batter OUT! 5-3
Mike Asawawong to second
Batting: SHB Mendy Pérez 0-0: Ball
1-0: Ground out 4-3 (Groundball, 4, EV 89.4 MPH)
Mike Asawawong to third
Batting: RHB Nolan Reid 0-0: Ball
1-0: Called Strike
1-1: Ball
2-1: Foul Ball, location: 9LMF
2-2: Ball
3-2: Ground out 4-3 (Groundball, 4, EV 81.9 MPH)
Bottom of the 2nd over - 0 runs, 1 hit, 0 errors, 1 left on base; Detroit 0 - Toronto 0
TOP OF THE 3RD
Detroit Tigers batting - Pitching for Toronto Blue Jays : RHP Alfonzo Jiménez
Batting: LHB Sebastian Ontiveros 0-0: DOUBLE (Flyball, 89D, EV 94.4 MPH)
Batting: LHB Jim Harvill 0-0: Called Strike
0-1: Ball
1-1: Ball
2-1: Swinging Strike
2-2: Ground out U3 (Groundball, 3, EV 105.0 MPH)
Sebastian Ontiveros to third
Batting: SHB Carlos Vargas 0-0: Swinging Strike
0-1: Ball
1-1: Foul Ball, location: 7LSF
1-2: Strikes out swinging
Batting: LHB Verrell Vander Mark 0-0: Ball
1-0: Ball
2-0: Foul Ball, location: 3F
2-1: Foul Ball, location: 2F
2-2: Strikes out looking
Top of the 3rd over - 0 runs, 1 hit, 0 errors, 1 left on base; Detroit 0 - Toronto 0
BOTTOM OF THE 3RD
Toronto Blue Jays batting - Pitching for Detroit Tigers : RHP Tommy Nickerson
Batting: RHB Atlas Alvarado 0-0: Called Strike
0-1: Ball
1-1: Foul Ball, location: 25F
1-2: Foul Ball, location: 23F
1-2: Ball
2-2: Ball
3-2: Base on Balls
Batting: LHB Connor Thomas 0-0: Ball
1-0: Ball
2-0: Ball
3-0: Called Strike
3-1: Base on Balls
Atlas Alvarado to second
Batting: LHB Jackson Kilsdonk 0-0: Ball
1-0: Called Strike
1-1: Foul Ball, location: 2F
1-2: Foul Ball, location: 2F
1-2: Foul Ball, location: 2F
1-2: Ball
2-2: Hit by Pitch
Atlas Alvarado to third
Connor Thomas to second
Batting: RHB Jayden Bice 0-0: Ball
1-0: Ball
2-0: Ball
3-0: Base on Balls
Atlas Alvarado scores
Connor Thomas to third
Jackson Kilsdonk to second
Batting: LHB Gael Villarreal 0-0: Ball
1-0: Fly out, F6 (Popup, 6MS, EV 63.1 MPH)
Batting: RHB Mike Asawawong 0-0: Ball
1-0: Foul Ball, location: 2F
1-1: Foul Ball, location: 9LDF
1-2: Grounds into double play, 4-6-3 (Groundball, 4, EV 102.5 MPH)
Bottom of the 3rd over - 1 run, 0 hits, 0 errors, 2 left on base; Detroit 0 - Toronto 1
TOP OF THE 4TH
Detroit Tigers batting - Pitching for Toronto Blue Jays : RHP Alfonzo Jiménez
Batting: RHB Kyle Garette 0-0: Ball
1-0: Ball
2-0: Called Strike
2-1: Ball
3-1: Called Strike
3-2: Strikes out looking
Batting: RHB Dragon Dainty 0-0: Ball
1-0: Called Strike
1-1: Foul Ball, location: 2F
1-2: Strikes out looking
Batting: RHB Diego Ruiz 0-0: Ball
1-0: Foul Ball, location: 2F
1-1: Foul Ball, location: 5SF
1-2: Ball
2-2: Strikes out swinging
Top of the 4th over - 0 runs, 0 hits, 0 errors, 0 left on base; Detroit 0 - Toronto 1
BOTTOM OF THE 4TH
Toronto Blue Jays batting - Pitching for Detroit Tigers : RHP Tommy Nickerson
Batting: RHB Ernie Brox 0-0: Called Strike
0-1: Fly out, F7 (Line Drive, 7, EV 91.9 MPH)
Batting: SHB Mendy Pérez 0-0: Ball
1-0: Called Strike
1-1: Called Strike
1-2: Strikes out looking
Batting: RHB Nolan Reid 0-0: Called Strike
0-1: Fly out, F9 (Line Drive, 9, EV 102.5 MPH)
Bottom of the 4th over - 0 runs, 0 hits, 0 errors, 0 left on base; Detroit 0 - Toronto 1
TOP OF THE 5TH
Detroit Tigers batting - Pitching for Toronto Blue Jays : RHP Alfonzo Jiménez
Batting: LHB Will Dishman 0-0: Called Strike
0-1: Ball
1-1: Foul Ball, location: 2F
1-2: Ground out 4-3 (Groundball, 4, EV 104.4 MPH)
Batting: RHB Zaiden Parker 0-0: Called Strike
0-1: Swinging Strike
0-2: Ball
1-2: Foul Ball, location: 3SF
1-2: Strikes out swinging
Batting: LHB Sebastian Ontiveros 0-0: Foul Ball, location: 23F
0-1: Ball
1-1: Called Strike
1-2: Ball
2-2: Ground out U3 (Groundball, 3, EV 90.0 MPH)
Top of the 5th over - 0 runs, 0 hits, 0 errors, 0 left on base; Detroit 0 - Toronto 1
BOTTOM OF THE 5TH
Toronto Blue Jays batting - Pitching for Detroit Tigers : RHP Tommy Nickerson
Batting: RHB Atlas Alvarado 0-0: Swinging Strike
0-1: DOUBLE (Line Drive, 7LM, EV 102.5 MPH)
Batting: LHB Connor Thomas 0-0: Ball
1-0: Fly out, F8 (Flyball, 8LD, EV 106.3 MPH)
Batting: LHB Jackson Kilsdonk 0-0: Called Strike
0-1: DOUBLE (Line Drive, 5D, EV 95.0 MPH)
Atlas Alvarado scores
Batting: RHB Jayden Bice 0-0: Fly out, F9 (Flyball, 9D, EV 106.3 MPH)
Runner from 2nd tags up, SAFE at 3rd, no throw by RF
Batting: LHB Gael Villarreal 0-0: Ball
1-0: SINGLE (Line Drive, 56D, EV 106.9 MPH)
Jackson Kilsdonk scores
Batting: RHB Mike Asawawong 0-0: Swinging Strike
0-1: Ball
1-1: Ball
2-1: Foul Ball, location: 2F
2-2: Ball
3-2: Foul Ball, location: 3FF
3-2: Foul Ball, location: 23F
3-2: Strikes out swinging
Bottom of the 5th over - 2 runs, 3 hits, 0 errors, 1 left on base; Detroit 0 - Toronto 3
TOP OF THE 6TH
Detroit Tigers batting - Pitching for Toronto Blue Jays : RHP Alfonzo Jiménez
Batting: LHB Jim Harvill 0-0: Fly out, F8 (Line Drive, 8LM, EV 104.4 MPH)
Batting: SHB Carlos Vargas 0-0: Ball
1-0: Ball
2-0: Ball
3-0: Called Strike
3-1: Base on Balls
Batting: LHB Verrell Vander Mark 0-0: Called Strike
0-1: Ball
1-1: Grounds into double play, 5-4-3 (Groundball, 56, EV 80.6 MPH)
Top of the 6th over - 0 runs, 0 hits, 0 errors, 0 left on base; Detroit 0 - Toronto 3
BOTTOM OF THE 6TH
Toronto Blue Jays batting - Pitching for Detroit Tigers : RHP Tommy Nickerson
Batting: RHB Ernie Brox 0-0: Ball
1-0: Called Strike
1-1: Ball
2-1: Ball
3-1: Swinging Strike
3-2: DOUBLE (Line Drive, 9LS, EV 96.9 MPH)
Batting: SHB Mendy Pérez 0-0: Ball
1-0: SINGLE (Groundball, 4MD, EV 104.4 MPH)
Ernie Brox to third
Runner from 3rd tries for Home, throw by CF and OUT! 8-2
Batting: RHB Nolan Reid 0-0: Called Strike
0-1: Swinging Strike
0-2: Foul Ball, location: 2F
Pickoff Throw to First - Out! 1-3 CS
0-2: Ball
1-2: Ball
2-2: Foul Ball, location: 2F
2-2: DOUBLE (Flyball, 89D, EV 92.5 MPH)
Batting: RHB Atlas Alvarado 0-0: Called Strike
0-1: Foul Ball, location: 9LMF
0-2: Ball
1-2: Ball
2-2: Fly out, F9 (Flyball, 9, EV 102.5 MPH)
Bottom of the 6th over - 0 runs, 3 hits, 0 errors, 1 left on base; Detroit 0 - Toronto 3
TOP OF THE 7TH
Detroit Tigers batting - Pitching for Toronto Blue Jays : RHP Alfonzo Jiménez
Batting: RHB Kyle Garette 0-0: Called Strike
0-1: Ball
1-1: Ball
2-1: Ball
3-1: Ground out 6-3 (Groundball, 56, EV 90.6 MPH)
Pitching: LHP Brent Brown
Batting: RHB Dragon Dainty 0-0: Foul Ball, location: 9LDF
0-1: Ball
1-1: Foul Ball, location: 3FF
1-2: Ball
2-2: Foul Ball, location: 2F
2-2: Ball
3-2: Strikes out looking
Batting: RHB Diego Ruiz 0-0: Ball
1-0: Foul Ball, location: 2F
1-1: Ball
2-1: Foul Ball, location: 25F
2-2: Ball
3-2: Base on Balls
Batting: LHB Will Dishman 0-0: Ball
1-0: Called Strike
1-1: Foul Ball, location: 7LDF
1-2: Foul Ball, location: 3F
1-2: Ball
2-2: Strikes out looking
Top of the 7th over - 0 runs, 0 hits, 0 errors, 1 left on base; Detroit 0 - Toronto 3
BOTTOM OF THE 7TH
Toronto Blue Jays batting - Pitching for Detroit Tigers : RHP Tommy Nickerson
Batting: LHB Connor Thomas 0-0: Ball
1-0: Swinging Strike
1-1: Foul Ball, location: 5DF
1-2: Strikes out looking
Batting: LHB Jackson Kilsdonk 0-0: Ball
1-0: Foul Ball, location: 2F
1-1: Called Strike
1-2: Ball
2-2: Strikes out swinging
Batting: RHB Jayden Bice 0-0: Ground out 4-3 (Groundball, 4, EV 78.8 MPH)
Bottom of the 7th over - 0 runs, 0 hits, 0 errors, 0 left on base; Detroit 0 - Toronto 3
TOP OF THE 8TH
Detroit Tigers batting - Pitching for Toronto Blue Jays : LHP Brent Brown
Batting: RHB Zaiden Parker 0-0: Called Strike
0-1: Fly out, F9 (Flyball, 9LM, EV 87.5 MPH)
Batting: LHB Sebastian Ontiveros 0-0: Ball
1-0: Ball
2-0: Ball
3-0: Called Strike
3-1: Ground out 5-3 (Groundball, 56, EV 93.1 MPH)
Batting: LHB Jim Harvill 0-0: Ball
1-0: Foul Ball, location: 2F
1-1: Ground out U3 (Groundball, 3S, EV 88.1 MPH)
Top of the 8th over - 0 runs, 0 hits, 0 errors, 0 left on base; Detroit 0 - Toronto 3
BOTTOM OF THE 8TH
Toronto Blue Jays batting - Pitching for Detroit Tigers : RHP Tommy Nickerson
Pitching: RHP Jaden Bishop
Batting: LHB Gael Villarreal 0-0: Ball
1-0: Called Strike
1-1: Called Strike
1-2: Ball
2-2: Strikes out swinging
Batting: RHB Mike Asawawong 0-0: Ball
1-0: Foul Ball, location: 9LDF
1-1: Ball
2-1: Called Strike
2-2: Ground out 6-3 (Groundball, 56, EV 105.0 MPH)
Batting: RHB Ernie Brox 0-0: Fly out, F8 (Flyball, 78S, EV 99.4 MPH)
Bottom of the 8th over - 0 runs, 0 hits, 0 errors, 0 left on base; Detroit 0 - Toronto 3
TOP OF THE 9TH
Detroit Tigers batting - Pitching for Toronto Blue Jays : LHP Brent Brown
Batting: SHB Carlos Vargas 0-0: Ball
1-0: Ball
2-0: Called Strike
2-1: Fly out, F9 (Flyball, 89D, EV 106.9 MPH)
Batting: LHB Verrell Vander Mark 0-0: Ball
1-0: Called Strike
1-1: Called Strike
1-2: Strikes out swinging
Batting: RHB Kyle Garette 0-0: Called Strike
0-1: Ball
1-1: Foul Ball, location: 3FF
1-2: Strikes out looking
Top of the 9th over - 0 runs, 0 hits, 0 errors, 0 left on base; Detroit 0 - Toronto 3
Friday, May 10th , 2024 - OOTP Baseball 24.11 Build 85